 Dungeon Crawl Stone Soup version 0.31-a0-1610-g9787180 (webtiles) character file.

Game seed: 14691709623937877535

18079 PublicAnimeNo1 the Cardsharp (level 12, -16/96 HPs)
             Began as a Demonspawn Necromancer on Jan 8, 2024.
             Was a High Priest of Nemelex Xobeh.
             Demolished by a cane toad (17 damage)
             ... on level 1 of the Lair of Beasts.
             The game lasted 00:37:52 (11551 turns).

PublicAnimeNo1 the Cardsharp (DsNe)                Turns: 11551, Time: 00:37:53

Health: -16/96     AC: 11    Str: 10    XL:     12   Next: 24%
Magic:  25/25      EV: 11    Int: 25    God:    Nemelex Xobeh [*****.]
Gold:   1359       SH:  0    Dex: 14    Spells: 17/30 levels left

rFire   . . .        L - +2 dagger (elec)
rCold   . . .        (no shield)
rNeg    . . .        u - +0 troll leather armour {Pargi}
rPois   .            E - +0 hat
rElec   .            (no cloak)
rCorr   .            (gloves unavailable)
SInv    .            d - +1 pair of boots
Will    .....        B - amulet of magic regeneration
Stlth   ++           D - +4 ring of protection
HPRegen 1.16/turn    T - +6 ring of intelligence
MPRegen 0.59/turn

%: no passive effects
@: lethally poisoned (-16 -> -18), animating dead, slowed, very slow
A: rugged brown scales 2, demonic guardian 1, demonic magic 1, demonic touch 3
a: Renounce Religion, Draw Escape, Draw Destruction, Draw Summoning, Triple
Draw, Deal Four, Stack Five


You were on level 1 of the Lair of Beasts.
You worshipped Nemelex Xobeh.
Nemelex Xobeh was extremely pleased with you.
You visited 2 branches of the dungeon, and saw 12 of its levels.
You also visited: Bailey.

You collected 1449 gold pieces.
You spent 90 gold pieces at shops.

Inventory:

Hand Weapons
 w - a +6 scythe of flaming
 H - a +2 dagger of venom
 L - a +2 dagger of electrocution (weapon)
Missiles
 y - a throwing net
Armour
 d - a +1 pair of boots (worn)
 j - a +1 cloak
 l - a +2 robe of willpower
 u - a +0 troll leather armour (worn) {Pargi}
 A - a +0 leather armour of fire resistance
 E - a +0 hat (worn)
 G - a +0 pair of boots of flying
Jewellery
 a - a ring of resist corrosion
 B - an amulet of magic regeneration (around neck)
 D - a +4 ring of protection (left hand)
 F - a +6 ring of dexterity
 N - an amulet of the acrobat
 O - an amulet of reflection
 R - a ring of magical power
 T - a +6 ring of intelligence (right hand)
Wands
 e - a wand of polymorph (8)
 g - a wand of quicksilver (9)
 v - a wand of charming (26)
 z - a wand of mindburst (8)
 M - a wand of iceblast (9)
 P - a wand of digging (6)
Scrolls
 f - 7 scrolls of teleportation
 i - 2 scrolls of enchant weapon
 n - 3 scrolls of enchant armour
 r - 2 scrolls of poison
 C - 4 scrolls of fear
 I - a scroll of fog
 J - a scroll of immolation
 S - 2 scrolls of identify
Potions
 b - a potion of magic
 c - 3 potions of heal wounds
 h - a potion of berserk rage
 k - 2 potions of might
 m - 4 potions of curing
 o - 2 potions of attraction
 p - a potion of ambrosia {unknown}
 q - 3 potions of enlightenment
 s - a potion of brilliance
 t - a potion of cancellation {unknown}
 x - 4 potions of mutation
 K - 2 potions of lignification {unknown}
 Q - a potion of resistance {unknown}


   Skills:
 + Level 7.7 Fighting
 + Level 5.9 Short Blades
 - Level 1.7 Dodging
 - Level 4.0 Stealth
 + Level 9.9 Spellcasting
 + Level 10.9 Necromancy
 + Level 13.4 Invocations


You had 17 spell levels left.
You knew the following spells:

 Your Spells              Type           Power      Damage    Failure   Level
a - Necrotise             Necr           100%       1d9       1%          1
b - Vampiric Draining     Necr           61%        2d10      1%          3
c - Animate Dead          Necr           61%        N/A       1%          4
d - Curse of Agony        Necr           61%        N/A       1%          5

Your spell library contained the following spells:

 Spells                   Type           Power      Damage    Failure   Level
 Blink                    Tloc           24%        N/A       11%         2
 Lesser Beckoning         Tloc           24%        N/A       11%         2
 Momentum Strike          Conj/Tloc      24%        3d8       11%         2
 Swiftness                Air            12%        N/A       21%         3
 Tukima's Dance           Hex            12%        N/A       21%         3
 Brom's Barrelling Bould  Conj/Erth      12%        2d4       56%         4
 Dimensional Bullseye     Hex/Tloc       6%         N/A       56%         4
 Iskenderun's Mystic Bla  Conj/Tloc      12%        2d5       56%         4
 Fireball                 Conj/Fire      6%         3d5       88%         5
 Iskenderun's Battlesphe  Conj           12%        2d7       88%         5
 Conjure Ball Lightning   Conj/Air       6%         3x3d6     100%        6
 Orb of Destruction       Conj           6%         9d6       100%        7
 Maxwell's Capacitive Co  Air            6%         ∞         100%        8
 Polar Vortex             Ice            6%         N/A       100%        9


Dungeon Overview and Level Annotations

Branches:
Dungeon (11/15)            Temple (0/1) D:5            Lair (1/5) D:11
 Bailey (visited)
    Orc: D:9-12

Altars:
Ashenzari
Cheibriados
Dithmenos
Gozag
Hepliaklqana
Kikubaaqudgha
Nemelex Xobeh
Qazlal
Ru
Trog
Wu Jian
Yredelemnul

Shops:
D:3 =   D:5 *


Innate Abilities, Weirdness & Mutations

You are mostly covered in rugged brown scales. (AC +2, +5% HP)
A weak demonic guardian rushes to your aid.
Spells you cast may paralyse adjacent enemies.
Your touch may irresistibly damage your foes and sap their willpower.


Message History

You dismiss your zombies and call upon the dead to rise afresh.
Malevolent energies surge around you.
Your komodo dragon zombie crumbles into dust!
The death yak barely misses you. x2
The boulder beetle curls into a ball and begins rolling!
The torpor snail bites you!!
A cane toad comes into view.
You hit the torpor snail.
The torpor snail is severely wounded.
The torpor snail is no longer covered in acid.
The boulder beetle stops rolling and uncurls.
The death yak closely misses you. The cane toad barely misses you.
The torpor snail bites you!!
The cane toad attacks as it pursues you!
The cane toad stings you!
You hit the death yak.
Lightning courses through the death yak!
The death yak is heavily wounded.
The cane toad stings you!!
* * * LOW HITPOINT WARNING * * *
A demonic guardian appears!
The death yak gores you!
* * * LOW HITPOINT WARNING * * *
The cane toad stings you.
* * * LOW HITPOINT WARNING * * *
You are lethally poisoned!
The cane toad poisons you!
You hit the death yak.
The death yak is heavily wounded.
* * * LOW HITPOINT WARNING * * *
You feel very sick.
The death yak is no longer covered in acid.
The boulder beetle is no longer covered in acid.
The death yak barely misses you. The cane toad closely misses you.
You hit the torpor snail.
You touch the torpor snail!
You sap its willpower!
The torpor snail is severely wounded.
* * * LOW HITPOINT WARNING * * *
You feel very sick. The cane toad stings you!
You die...
Your body disappears without a glow.

.....##.# #..+##........
......F ..............
....... .............. ..
....>................ #.#
#...###.###..........
....#..........#.....####
....#..B#......#.....##
(.....Yw#........[...P#
....#..F@......+.....## .
#..........#.....#
#..5#......#.....#
#..........#.....#
##...#......#.....#
.......#.##+#.......#.
..........Z............
############.#.P...####
#########


You could see a death yak, a boulder beetle, a torpor snail (weak-willed), a
cane toad (ally target) and a friendly iron imp (summoned, slow).

Vanquished Creatures
  A two-headed ogre (D:11)
  5 skeletal warriors (D:11)
  A manticore (D:11)
  Maurice (D:11)
  A black mamba (Lair:1)
  4 cane toads (Lair:1)
  2 trolls
  Sigmund (D:6)
  2 wraiths (D:11)
  12 yaks
  A vampire (D:11)
  2 wyverns
  A basilisk (Lair:1)
  An acid dragon (D:11)
  Duvessa (D:5)
  A sky beast (D:6)
  A water moccasin (Lair:1)
  2 ice beasts
  A black bear (Lair:1)
  8 orc warriors
  3 wolves
  2 ogres
  4 centaurs
  A phantom (D:7)
  4 kobold brigands
  3 bullfrogs
  4 scorpions
  15 wights (D:9)
  A troll zombie (D:11)
  4 killer bees
  6 howler monkeys
  3 bombardier beetles
  2 orc priests
  2 hounds (D:5)
  4 jellies
  Natasha (twice) (D:2)
  An iguana (D:4)
  4 orc wizards
  9 gnolls
  12 adders
  2 shadow imps
  4 white imps
  2 ufetubi (D:6)
  An orc zombie (D:11)
  5 dart slugs
  2 ribbon worms (D:3)
  23 orcs
  6 ball pythons
  11 endoplasms
  A giant cockroach (D:3)
  12 goblins
  7 hobgoblins
  34 kobolds
  4 quokkas
  4 frilled lizards
  3 rats
256 creatures vanquished.

Vanquished Creatures (collateral kills)
  Erica (D:11)
  2 cyclopes
  A gargoyle (D:11)
  A komodo dragon (Lair:1)
  A polar bear (Lair:1)
  A hornet (D:8)
  4 yaks
  2 wyverns
  A steam dragon (D:8)
  Menkaure (D:7)
  An acid dragon (D:11)
  An orc warrior (D:7)
  A sky beast (D:9)
  Pargi (D:3)
  2 wolves
  A bullfrog (Lair:1)
  2 kobold brigands
  A scorpion (D:7)
  Dowan (D:5)
  2 killer bees (D:7)
  2 howler monkeys (D:11)
  Natasha (D:2)
  4 gnolls
  A ribbon worm (D:8)
  9 orcs
  9 kobolds
  A frilled lizard (D:3)
55 creatures vanquished.

Vanquished Creatures (others)
  2 cane toad zombies (Lair:1)
  A wyvern zombie (Lair:1)
  3 yak zombies
  A wolf zombie (D:9)
  A bullfrog zombie (Lair:1)
  2 scorpion zombies
  3 killer bee zombies (D:7)
  An acid dragon zombie (D:11)
  A sky beast zombie (D:9)
  An adder zombie (D:6)
  An endoplasm zombie (D:9)
  2 gnoll zombies
  8 kobold zombies
  12 orc zombies
39 creatures vanquished.

Grand Total: 350 creatures vanquished

Notes
Turn   | Place    | Note
-------+----------+-------------------------------------------
     0 | D:1      | PublicAnimeNo1 the Demonspawn Necromancer began the quest
                  | for the Orb.
     0 | D:1      | Reached XP level 1. HP: 13/13 MP: 3/3
   151 | D:1      | Found a faded altar of an unknown god.
   204 | D:1      | Prayed at the altar of an unknown god.
   204 | D:1      | Became a worshipper of Nemelex Xobeh the Trickster
   204 | D:1      | Reached * piety under Nemelex Xobeh
   206 | D:1      | Received a gift from Nemelex Xobeh
   430 | D:1      | Gained mutation: A weak demonic guardian rushes to your
                  | aid. [demonic ancestry]
   430 | D:1      | Reached XP level 2. HP: 17/20 MP: 1/5
   660 | D:1      | Received a gift from Nemelex Xobeh
   746 | D:1      | You fall into a shaft and drop 1 floor!
   748 | D:2      | Reached ** piety under Nemelex Xobeh
   791 | D:2      | Noticed Natasha
   793 | D:2      | Killed Natasha
   794 | D:2      | Reached skill level 1 in Fighting
   794 | D:2      | Reached skill level 1 in Invocations
   794 | D:2      | Gained mutation: You are partially covered in rugged brown
                  | scales. (AC +1, +3% HP) [demonic ancestry]
   794 | D:2      | Reached XP level 3. HP: 10/26 MP: 6/6
  1023 | D:2      | Noticed Natasha
  1032 | D:2      | Killed Natasha
  1033 | D:2      | Reached XP level 4. HP: 32/32 MP: 1/7
  1216 | D:2      | Noticed Natasha
  1222 | D:2      | Killed Natasha
  1223 | D:2      | Reached skill level 2 in Invocations
  1225 | D:2      | Reached skill level 5 in Necromancy
  1783 | D:3      | Found Zynyiklo's Jewellery Shoppe.
  1802 | D:3      | Gained mutation: Your touch may inflict minor irresistible
                  | damage on your foes. [demonic ancestry]
  1802 | D:3      | Reached XP level 5. HP: 39/39 MP: 6/9
  1960 | D:3      | Noticed Pargi
  1980 | D:3      | Killed Pargi
  1999 | D:3      | Found a faded altar of an unknown god.
  2054 | D:3      | Found a hazy altar of Hepliaklqana.
  2064 | D:3      | Reached skill level 3 in Invocations
  2064 | D:3      | Gained mutation: Your touch may inflict irresistible damage
                  | on your foes. [demonic ancestry]
  2064 | D:3      | Reached XP level 6. HP: 29/47 MP: 5/10
  2073 | D:3      | Learned a level 3 spell: Vampiric Draining
  2078 | D:3      | Learned a level 4 spell: Animate Dead
  3156 | D:4      | Reached XP level 7. HP: 53/53 MP: 8/12
  3290 | D:4      | Received a gift from Nemelex Xobeh
  3306 | D:4      | Reached *** piety under Nemelex Xobeh
  3574 | D:4      | Reached skill level 4 in Invocations
  3859 | D:4      | Found a sparkling altar of Nemelex Xobeh.
  4349 | D:5      | Entered Level 5 of the Dungeon
  4469 | D:5      | Reached skill level 1 in Short Blades
  4689 | D:5      | Found a staircase to the Ecumenical Temple.
  4752 | D:5      | Noticed Duvessa
  4753 | D:5      | Noticed Dowan
  4765 | D:5      | Killed Duvessa
  4770 | D:5      | Killed Dowan
  4795 | D:5      | Reached **** piety under Nemelex Xobeh
  4819 | D:5      | Found Zin's Purification Station.
  4827 | D:5      | Bought a potion of curing for 90 gold pieces
  4851 | D:5      | Reached skill level 5 in Invocations
  4913 | D:5      | Gained mutation: Your touch may irresistibly damage your
                  | foes and sap their willpower. [demonic ancestry]
  4913 | D:5      | Reached XP level 8. HP: 59/59 MP: 14/14
  4967 | D:5      | Found Fudury's Assorted Antiques.
  5290 | D:6      | Received a gift from Nemelex Xobeh
  5544 | D:6      | Found a basalt altar of Yredelemnul.
  5544 | D:6      | Found a broken altar of Ashenzari.
  5544 | D:6      | Found an ancient bone altar of Kikubaaqudgha.
  5544 | D:6      | Found a bloodstained altar of Trog.
  5551 | D:6      | Found a shadowy altar of Dithmenos.
  5738 | D:6      | Found a sacrificial altar of Ru.
  5772 | D:6      | Noticed Sigmund
  5777 | D:6      | Killed Sigmund
  5778 | D:6      | Reached skill level 6 in Invocations
  5787 | D:6      | Reached skill level 5 in Spellcasting
  5846 | D:6      | Received a gift from Nemelex Xobeh
  5947 | D:6      | Found an opulent altar of Gozag.
  6243 | D:7      | Reached ***** piety under Nemelex Xobeh
  6362 | D:7      | Reached skill level 7 in Invocations
  6362 | D:7      | Reached XP level 9. HP: 43/64 MP: 8/17
  6609 | D:7      | Noticed Menkaure
  6616 | D:7      | Killed Menkaure
  6812 | D:7      | Received a gift from Nemelex Xobeh
  7089 | D:8      | Found a stormy altar of Qazlal.
  7179 | D:8      | Reached skill level 8 in Invocations
  7212 | D:8      | Received a gift from Nemelex Xobeh
  7258 | D:8      | HP: 1/65 [hornet (12)]
  7258 | D:8      | Paralysed by a hornet for 2 turns
  7552 | D:8      | Found a snail-covered altar of Cheibriados.
  7831 | D:8      | Reached skill level 9 in Invocations
  7835 | D:8      | Reached skill level 5 in Fighting
  7838 | D:8      | Gained mutation: Spells you cast may paralyse adjacent
                  | enemies. [demonic ancestry]
  7838 | D:8      | Reached XP level 10. HP: 45/76 MP: 20/20
  8038 | D:8      | Received a gift from Nemelex Xobeh
  8220 | D:9      | Reached skill level 10 in Invocations
  8678 | D:9      | HP: 1/75 [kobold/+0 whip (4)]
  8838 | D:9      | Learned a level 3 spell: Vampiric Draining
  8844 | D:9      | Learned a level 5 spell: Curse of Agony
  8859 | D:9      | Received a gift from Nemelex Xobeh
  8891 | D:9      | Reached skill level 11 in Invocations
  9041 | D:10     | Entered Level 10 of the Dungeon
  9168 | D:10     | Received a gift from Nemelex Xobeh
  9281 | D:10     | Found an ornate altar of the Wu Jian Council.
  9507 | D:10     | Found a flagged portal.
  9523 | Bailey   | Entered a bailey
  9523 | Bailey   | Received a gift from Nemelex Xobeh
  9835 | D:10     | Reached XP level 11. HP: 59/83 MP: 23/23
 10145 | D:10     | Received a gift from Nemelex Xobeh
 10154 | D:10     | Got the Omnibus of Ozone and the Deep Freeze
 10282 | D:11     | Noticed a two-headed ogre
 10282 | D:11     | Found a staircase to the Lair.
 10442 | D:11     | Reached skill level 12 in Invocations
 10546 | D:11     | Noticed Maurice
 10550 | D:11     | Something stole a +6 scythe of flaming
 10551 | D:11     | Something stole an amulet of reflection
 10554 | D:11     | Something stole a throwing net
 10555 | D:11     | Something stole 489 gold
 10557 | D:11     | Killed Maurice
 10564 | D:11     | Noticed a skeletal warrior
 10575 | D:11     | Killed a skeletal warrior
 10608 | D:11     | Noticed a skeletal warrior
 10609 | D:11     | Noticed a skeletal warrior
 10609 | D:11     | Noticed a skeletal warrior
 10610 | D:11     | Killed a skeletal warrior
 10610 | D:11     | Killed a skeletal warrior
 10611 | D:11     | Reached skill level 10 in Necromancy
 10612 | D:11     | Noticed a skeletal warrior
 10614 | D:11     | Killed a skeletal warrior
 10630 | D:11     | Killed a skeletal warrior
 10631 | D:11     | Reached skill level 5 in Short Blades
 10688 | D:11     | Killed a two-headed ogre
 10754 | D:11     | Noticed Erica
 10775 | D:11     | Killed Erica
 10776 | D:11     | Reached skill level 13 in Invocations
 11026 | D:11     | Received a gift from Nemelex Xobeh
 11194 | D:11     | Gained mutation: You are mostly covered in rugged brown
                  | scales. (AC +2, +5% HP) [demonic ancestry]
 11194 | D:11     | Reached XP level 12. HP: 76/95 MP: 25/25
 11286 | Lair:1   | Entered Level 1 of the Lair of Beasts
 11540 | Lair:1   | Received a gift from Nemelex Xobeh
 11541 | Lair:1   | Noticed a death yak
 11541 | Lair:1   | Noticed a boulder beetle
 11550 | Lair:1   | HP: 3/96 [poisoned by a cane toad]
 11551 | Lair:1   | HP: 1/96 [poisoned by a cane toad]
 11551 | Lair:1   | Demolished by a cane toad

Illustrated notes

Levels and vault maps discovered:
D:1:      ncdulo_halloftheorcs, layout_loops_ring,
          ebering_ecumenical_altar_petrified, grunt_decor_cap
D:2:      layout_basic, uniq_natasha
D:3:      layout_rooms, beargit_hepliaklqana_dungeon_heroes, serial_shops,
          nicolae_shop_tiny_glass, minmay_quadrilaterals, uniq_pargi
D:4:      layout_layer_cave, nemelex_diamond_rough_becter
D:5:      layout_loops_cross, zin_purify, minmay_temple_entry_ruins,
          serial_shops, nicolae_shop_overgrown_old_shop, uniq_duvessa
D:6:      layout_cave_pods, nicolae_ru_path_of_blood,
          minmay_overflow_temple_hex, grunt_gozag_breadcrumbs, uniq_sigmund
D:7:      layout_basic, uniq_menkaure
D:8:      layout_gridville, mainiacjoe_overflow_small_starburst, slow_altar_1
D:9:      layout_small_grid, grunt_ministairs_2
D:10:     layout_basic, general_overflow_altar, enter_bailey_5,
          chequers_serial_rivers_micro_b, serial_bayou_pond_a,
          minmay_misc_feat_rows, serial_park_tiny_pond
D:11:     minmay_general_purpose_star, layout_cave_pools, lair_entry_dummy,
          uniq_erica, uniq_maurice
Lair:1:   layout_regular_city, grunt_forest_large_clearings,
          serial_bayou_shore_a, grunt_megastairs_4

Skill      XL: |  1  2  3  4  5  6  7  8  9 10 11 |
---------------+----------------------------------+-----
Stealth        | 2 3 4 |  4.0
Fighting       | 1 2 3 5 6 7 |  7.7
Invocations    | 1 2 3 5 7 9 11 13 | 13.4
Necromancy     | 5 6 7 8 9 10 | 10.9
Spellcasting   | 3 4 5 7 8 9 |  9.9
Short Blades   | 2 3 4 5 |  5.9
Dodging        | |  1.7

Action                     |  1- 3 |  4- 6 |  7- 9 | 10-12 || total
---------------------------+-------+-------+-------+-------++-------
  Melee: Unarmed           |    15 |       |       |       ||    15
         Spear             |    18 |     8 |       |       ||    26
         Punch             |     1 |       |     4 |     3 ||     8
         Dagger            |       |    42 |    80 |   195 ||   317
         Touch             |       |    13 |    16 |    53 ||    82
         Halberd           |       |       |   100 |    91 ||   191
   Cast: Necrotise         |    23 |    86 |    88 |    50 ||   247
         Animate Dead      |       |       |     6 |    10 ||    16
         Curse of Agony    |       |       |       |     3 ||     3
 Invoke: Draw Destruction  |     1 |       |     4 |    16 ||    21
         Draw Summoning    |       |     1 |     2 |     2 ||     5
         Triple Draw       |       |       |       |     2 ||     2
         Draw Escape       |       |       |       |     1 ||     1
         Deal Four         |       |       |       |     1 ||     1
  Evoke: Wand              |       |       |     3 |    23 ||    26
    Use: Scroll            |       |     4 |    11 |     5 ||    20
         Potion            |       |       |     1 |     1 ||     2
   Stab: Sleeping          |     2 |     2 |     3 |     8 ||    15
         Distracted        |       |       |     3 |     2 ||     5
         Paralysed         |       |       |       |    21 ||    21
 Armour: Robe              |    16 |     6 |       |       ||    22
         Leather armour    |       |    22 |       |       ||    22
         Troll leather arm |       |    37 |   207 |   294 ||   538
  Dodge: Dodged            |    13 |    35 |   183 |   186 ||   417

Table legend: (Time is in decaauts)
 A = Elapsed time spent in this place.
 B = Non-inter-level travel time spent in this place.
 C = Inter-level travel time spent in this place.
 D = Time resting spent in this place.
 E = Time spent auto-exploring this place.
 F = Levels seen in this place.
 G = Mean time per level.
                   A        B        C        D        E       F      G
               +--------+--------+--------+--------+--------+-----+--------+
         Total |  11630 |  11239 |    391 |   1347 |   7508 |  13 |  894.6 |
       Dungeon |  11122 |  10732 |    390 |   1325 |   7284 |  11 | 1011.1 |
          Lair |    258 |    258 |      0 |     18 |    154 |   1 |  258.0 |
        Bailey |    249 |    249 |      0 |      4 |     70 |   1 |  249.0 |
               +--------+--------+--------+--------+--------+-----+--------+

Top non-repeatable levels by time:
     D:4: 1599 daAuts
     D:8: 1142 daAuts
    D:10: 1089 daAuts
     D:6: 1041 daAuts
     D:3: 1023 daAuts
     D:2: 989 daAuts
     D:9: 940 daAuts
    D:11: 893 daAuts
     D:5: 844 daAuts
     D:7: 811 daAuts
     D:1: 746 daAuts
  Lair:1: 258 daAuts
  Bailey: 249 daAuts
